[ AOE2 MATCH · #506444702 ]
UnrankedGoths vs Italians
Player's team · WIN
Rival team · LOSS
[ REPLAY ANALYSIS · EXTRACTED FROM THE RECORDED GAME ]
Feudal
9:21
Castle
27:15
Imperial
—
| APM avg | 62.5 |
| APM peak | 112 |
| eAPM avg | 25.5 |
| Villagers / military | 79 / 33 |
Focus
⚔️ 32.9% · 🌾 67.1%
Archer ×17 · Militia ×7 · Skirmisher ×6 · Mangonel ×2 · Spearman ×1
Feudal
10:14
Castle
23:30
Imperial
—
| APM avg | 58.9 |
| APM peak | 83 |
| eAPM avg | 23.9 |
| Villagers / military | 70 / 44 |
Focus
⚔️ 35.3% · 🌾 64.7%
Archer ×39 · Knight ×4 · Scout Cavalry ×1
Match map
Initial resources + every placement click. Lines = walls · curves = elevation contours. ◆ gold · ⬟ stone · ● berries · ✦ relic · ◌ wall gap
Your base· Open — unwalled flank
Young Carter's base· Open — 5t gap
Smoothed initial terrain · ◌ = detected wall gap · hover for details
Inputs per minute
— 挨打不还手 - - Young Carter
Build order — 挨打不还手
First 150 of 233 actions detected
| 0:02 | Queue | Villager (Male) |
| 0:02 | Queue | Villager (Male) |
| 0:02 | Queue | Villager (Male) |
| 0:02 | Queue | Villager (Male) |
| 0:05 | Build | House |
| 0:09 | Build | House |
| 0:50 | Research | Loom |
| 0:50 | Queue | Villager (Male) |
| 0:50 | Queue | Villager (Male) |
| 0:50 | Queue | Villager (Male) |
| 0:51 | Queue | Villager (Male) |
| 1:41 | Queue | Villager (Male) |
| 2:02 | Queue | Villager (Male) |
| 2:02 | Queue | Villager (Male) |
| 2:26 | Queue | Villager (Male) |
| 2:26 | Queue | Villager (Male) |
| 2:26 | Queue | Villager (Male) |
| 2:26 | Queue | Villager (Male) |
| 2:30 | Build | Lumber Camp |
| 2:49 | Queue | Villager (Male) |
| 2:49 | Queue | Villager (Male) |
| 2:50 | Queue | Villager (Male) |
| 3:21 | Queue | Villager (Male) |
| 3:21 | Queue | Villager (Male) |
| 3:21 | Queue | Villager (Male) |
| 4:08 | Queue | Villager (Male) |
| 4:09 | Queue | Villager (Male) |
| 4:09 | Queue | Villager (Male) |
| 4:09 | Queue | Villager (Male) |
| 4:20 | Build | House |
| 5:25 | Queue | Villager (Male) |
| 5:38 | Build | Barracks |
| 6:14 | Queue | Villager (Male) |
| 6:40 | Build | House |
| 6:46 | Queue | Villager (Male) |
| 7:06 | Research | Feudal Age |
| 7:12 | Queue | Militia |
| 7:12 | Queue | Militia |
| 7:17 | Build | House |
| 7:47 | Queue | Militia |
| 7:48 | Queue | Militia |
| 7:48 | Queue | Militia |
| 8:01 | Build | Palisade Wall |
| 8:02 | Build | Palisade Wall |
| 9:03 | Queue | Villager (Male) |
| 9:13 | Build | Mill |
| 9:21 | Age | Feudal Age |
| 9:23 | Research | Man-at-Arms (upgrade) |
| 9:51 | Queue | Villager (Male) |
| 10:16 | Queue | Villager (Male) |
| 10:17 | Queue | Villager (Male) |
| 10:17 | Queue | Villager (Male) |
| 10:25 | Build | Mining Camp |
| 10:42 | Queue | Villager (Male) |
| 10:50 | Build | House |
| 11:06 | Queue | Militia |
| 11:06 | Queue | Militia |
| 11:22 | Build | Mill |
| 11:32 | Build | Watch Tower |
| 11:42 | Build | Watch Tower |
| 11:56 | Queue | Villager (Male) |
| 11:56 | Queue | Villager (Male) |
| 12:02 | Build | Archery Range |
| 12:18 | Build | House |
| 12:29 | Queue | Villager (Male) |
| 12:52 | Queue | Skirmisher |
| 12:56 | Build | Palisade Wall |
| 12:57 | Build | Palisade Wall |
| 12:57 | Build | Palisade Wall |
| 12:58 | Build | Palisade Wall |
| 12:58 | Build | Palisade Wall |
| 12:59 | Build | Palisade Wall |
| 13:12 | Build | House |
| 13:14 | Queue | Villager (Male) |
| 13:38 | Queue | Skirmisher |
| 13:49 | Queue | Skirmisher |
| 13:50 | Queue | Villager (Male) |
| 13:58 | Queue | Skirmisher |
| 14:16 | Queue | Skirmisher |
| 14:18 | Queue | Villager (Male) |
| 14:36 | Queue | Skirmisher |
| 14:39 | Queue | Villager (Male) |
| 14:59 | Queue | Archer |
| 15:03 | Queue | Villager (Male) |
| 15:06 | Build | Barracks |
| 15:18 | Queue | Villager (Male) |
| 15:31 | Queue | Archer |
| 15:34 | Queue | Villager (Male) |
| 15:48 | Build | House |
| 15:58 | Build | Blacksmith |
| 16:07 | Queue | Spearman |
| 16:09 | Queue | Villager (Male) |
| 16:13 | Build | House |
| 16:30 | Queue | Archer |
| 16:39 | Queue | Villager (Male) |
| 16:45 | Build | Watch Tower |
| 16:50 | Research | Double-Bit Axe |
| 16:50 | Research | Double-Bit Axe |
| 17:01 | Queue | Archer |
| 17:18 | Queue | Villager (Male) |
| 17:32 | Queue | Archer |
| 17:36 | Queue | Villager (Male) |
| 17:53 | Build | Watch Tower |
| 18:00 | Build | Watch Tower |
| 18:05 | Queue | Villager (Male) |
| 18:26 | Queue | Archer |
| 18:28 | Queue | Villager (Male) |
| 18:33 | Build | House |
| 18:37 | Build | Farm |
| 18:37 | Build | Farm |
| 18:52 | Queue | Archer |
| 18:54 | Queue | Villager (Male) |
| 19:11 | Build | Palisade Wall |
| 19:11 | Build | Palisade Wall |
| 19:12 | Build | Palisade Wall |
| 19:12 | Build | Palisade Wall |
| 19:12 | Build | Palisade Wall |
| 19:12 | Build | Palisade Wall |
| 19:12 | Build | Palisade Wall |
| 19:13 | Build | Palisade Wall |
| 19:13 | Build | Palisade Wall |
| 19:13 | Build | Palisade Wall |
| 19:13 | Build | Palisade Wall |
| 19:14 | Build | Palisade Wall |
| 19:14 | Build | Palisade Wall |
| 19:19 | Queue | Villager (Male) |
| 19:48 | Queue | Villager (Male) |
| 19:59 | Build | Archery Range |
| 20:16 | Build | Mining Camp |
| 20:16 | Queue | Villager (Male) |
| 20:24 | Build | Farm |
| 20:51 | Build | Watch Tower |
| 20:54 | Queue | Villager (Male) |
| 21:20 | Build | Farm |
| 21:21 | Build | Farm |
| 21:21 | Build | Farm |
| 21:50 | Queue | Villager (Male) |
| 21:56 | Build | Market |
| 22:10 | Build | House |
| 22:11 | Queue | Archer |
| 22:19 | Build | House |
| 22:21 | Queue | Archer |
| 22:23 | Queue | Villager (Male) |
| 22:35 | Queue | Archer |
| 22:41 | Research | Fletching |
| 22:41 | Research | Fletching |
| 22:42 | Queue | Villager (Male) |
| 22:42 | Queue | Villager (Male) |
| 22:43 | Queue | Villager (Male) |
| 22:52 | Queue | Archer |
Build order — Young Carter
First 150 of 211 actions detected
| 0:00 | Queue | Villager (Male) |
| 0:01 | Queue | Villager (Male) |
| 0:01 | Queue | Villager (Male) |
| 0:02 | Build | House |
| 0:04 | Build | House |
| 0:06 | Queue | Villager (Male) |
| 0:12 | Build | House |
| 1:29 | Queue | Villager (Male) |
| 1:52 | Queue | Villager (Male) |
| 2:21 | Queue | Villager (Male) |
| 2:22 | Queue | Villager (Male) |
| 2:38 | Queue | Villager (Male) |
| 2:56 | Queue | Villager (Male) |
| 3:21 | Build | Palisade Wall |
| 3:22 | Build | Palisade Wall |
| 3:28 | Build | Lumber Camp |
| 3:28 | Queue | Villager (Male) |
| 3:30 | Queue | Villager (Male) |
| 3:59 | Queue | Villager (Male) |
| 3:59 | Queue | Villager (Male) |
| 4:05 | Build | House |
| 4:46 | Queue | Villager (Male) |
| 5:03 | Queue | Villager (Male) |
| 5:03 | Queue | Villager (Male) |
| 5:41 | Queue | Villager (Male) |
| 6:14 | Queue | Villager (Male) |
| 6:15 | Queue | Villager (Male) |
| 6:37 | Queue | Villager (Male) |
| 6:50 | Research | Loom |
| 7:13 | Build | Barracks |
| 7:19 | Build | House |
| 7:23 | Build | Mining Camp |
| 7:34 | Queue | Villager (Male) |
| 7:55 | Build | House |
| 8:04 | Research | Feudal Age |
| 8:28 | Build | Barracks |
| 9:10 | Build | Palisade Wall |
| 9:12 | Build | Palisade Wall |
| 9:13 | Build | Palisade Wall |
| 9:13 | Build | Palisade Wall |
| 9:14 | Build | Palisade Wall |
| 9:15 | Build | Palisade Wall |
| 9:15 | Build | Palisade Wall |
| 9:16 | Build | Palisade Wall |
| 9:17 | Build | Palisade Wall |
| 9:24 | Queue | Villager (Male) |
| 9:39 | Queue | Villager (Male) |
| 9:44 | Build | House |
| 9:46 | Build | Palisade Wall |
| 9:48 | Queue | Villager (Male) |
| 10:14 | Age | Feudal Age |
| 10:15 | Build | Archery Range |
| 10:16 | Queue | Villager (Male) |
| 10:16 | Queue | Villager (Male) |
| 10:18 | Build | Stone Wall |
| 10:22 | Build | Stone Wall |
| 10:24 | Build | Stone Wall |
| 10:24 | Build | Stone Wall |
| 10:24 | Build | Stone Wall |
| 10:25 | Build | Stone Wall |
| 10:26 | Build | Stone Wall |
| 10:28 | Build | Stone Wall |
| 10:37 | Build | Archery Range |
| 10:41 | Queue | Villager (Male) |
| 10:59 | Build | Mill |
| 11:00 | Queue | Archer |
| 11:01 | Queue | Archer |
| 11:07 | Build | House |
| 11:11 | Build | House |
| 11:12 | Build | Palisade Wall |
| 11:13 | Build | Palisade Wall |
| 11:19 | Queue | Archer |
| 11:20 | Queue | Archer |
| 11:24 | Queue | Villager (Male) |
| 11:28 | Build | Watch Tower |
| 11:36 | Queue | Archer |
| 11:41 | Queue | Archer |
| 11:53 | Queue | Archer |
| 11:58 | Queue | Archer |
| 12:09 | Queue | Archer |
| 12:27 | Queue | Villager (Male) |
| 12:51 | Queue | Archer |
| 13:16 | Queue | Archer |
| 13:19 | Queue | Villager (Male) |
| 13:21 | Build | Palisade Wall |
| 13:23 | Build | Palisade Wall |
| 13:34 | Queue | Villager (Male) |
| 13:38 | Queue | Villager (Male) |
| 14:07 | Queue | Archer |
| 14:24 | Queue | Villager (Male) |
| 14:24 | Queue | Villager (Male) |
| 14:50 | Queue | Villager (Male) |
| 14:53 | Build | Blacksmith |
| 14:54 | Queue | Villager (Male) |
| 15:23 | Queue | Villager (Male) |
| 15:37 | Build | House |
| 15:40 | Queue | Villager (Male) |
| 16:07 | Queue | Villager (Male) |
| 16:09 | Build | House |
| 16:20 | Research | Fletching |
| 16:21 | Research | Padded Archer Armor |
| 16:22 | Queue | Villager (Male) |
| 16:31 | Queue | Archer |
| 16:32 | Queue | Archer |
| 16:33 | Queue | Archer |
| 16:33 | Queue | Archer |
| 16:34 | Queue | Archer |
| 16:45 | Queue | Archer |
| 16:58 | Build | Lumber Camp |
| 17:02 | Queue | Villager (Male) |
| 17:42 | Queue | Archer |
| 17:42 | Queue | Archer |
| 17:42 | Queue | Archer |
| 17:45 | Queue | Villager (Male) |
| 18:12 | Queue | Villager (Male) |
| 18:18 | Build | Market |
| 18:26 | Research | Town Watch |
| 18:32 | Build | House |
| 18:38 | Queue | Archer |
| 18:47 | Queue | Archer |
| 18:47 | Queue | Archer |
| 18:47 | Queue | Archer |
| 18:48 | Queue | Archer |
| 18:48 | Queue | Archer |
| 18:48 | Queue | Archer |
| 18:56 | Queue | Archer |
| 19:04 | Queue | Villager (Male) |
| 19:07 | Build | Lumber Camp |
| 19:28 | Queue | Villager (Male) |
| 19:55 | Queue | Villager (Male) |
| 20:00 | Build | Mining Camp |
| 20:25 | Queue | Villager (Male) |
| 20:39 | Research | Castle Age |
| 20:47 | Queue | Archer |
| 20:48 | Queue | Archer |
| 20:49 | Queue | Villager (Male) |
| 21:01 | Queue | Archer |
| 21:47 | Queue | Archer ×2 |
| 22:32 | Build | House |
| 23:30 | Age | Castle Age |
| 24:04 | Queue | Villager (Male) |
| 24:19 | Build | Town Center |
| 24:20 | Queue | Villager (Male) |
| 24:20 | Queue | Villager (Male) |
| 24:46 | Queue | Archer |
| 24:46 | Queue | Archer |
| 24:54 | Build | House |
| 24:55 | Queue | Archer |
| 25:31 | Build | Town Center |
| 25:33 | Queue | Villager (Male) |
Match timeline
| 3:21 | Young Carter · wall_segment Palisade Wall x1 |
| 3:22 | Young Carter · wall_segment Palisade Wall x1 |
| 5:38 | 挨打不还手 · first_building Barracks |
| 7:13 | Young Carter · first_building Barracks |
| 8:01 | 挨打不还手 · wall_segment Palisade Wall x4 |
| 8:02 | 挨打不还手 · wall_segment Palisade Wall x9 |
| 9:10 | Young Carter · wall_segment Palisade Wall x1 |
| 9:12 | Young Carter · wall_segment Palisade Wall x1 |
| 9:13 | Young Carter · wall_segment Palisade Wall x1 |
| 9:13 | Young Carter · wall_segment Palisade Wall x1 |
| 9:14 | Young Carter · wall_segment Palisade Wall x1 |
| 9:15 | Young Carter · wall_segment Palisade Wall x1 |
| 9:15 | Young Carter · wall_segment Palisade Wall x1 |
| 9:16 | Young Carter · wall_segment Palisade Wall x1 |
| 9:17 | Young Carter · wall_segment Palisade Wall x1 |
| 9:21 | 挨打不还手 · age_up feudal |
| 9:46 | Young Carter · wall_segment Palisade Wall x1 |
| 10:14 | Young Carter · age_up feudal |
| 10:15 | Young Carter · first_building Archery Range |
| 10:18 | Young Carter · wall_segment Stone Wall x1 |
| 10:22 | Young Carter · wall_segment Stone Wall x1 |
| 10:24 | Young Carter · wall_segment Stone Wall x1 |
| 10:24 | Young Carter · wall_segment Stone Wall x1 |
| 10:24 | Young Carter · wall_segment Stone Wall x1 |
| 10:25 | Young Carter · wall_segment Stone Wall x1 |
| 10:26 | Young Carter · wall_segment Stone Wall x1 |
| 10:28 | Young Carter · wall_segment Stone Wall x1 |
| 11:12 | Young Carter · wall_segment Palisade Wall x1 |
| 11:13 | Young Carter · wall_segment Palisade Wall x1 |
| 12:02 | 挨打不还手 · first_building Archery Range |
| 12:56 | 挨打不还手 · wall_segment Palisade Wall x1 |
| 12:57 | 挨打不还手 · wall_segment Palisade Wall x1 |
| 12:57 | 挨打不还手 · wall_segment Palisade Wall x1 |
| 12:58 | 挨打不还手 · wall_segment Palisade Wall x1 |
| 12:58 | 挨打不还手 · wall_segment Palisade Wall x1 |
| 12:59 | 挨打不还手 · wall_segment Palisade Wall x1 |
| 13:21 | Young Carter · wall_segment Palisade Wall x1 |
| 13:23 | Young Carter · wall_segment Palisade Wall x1 |
| 19:11 | 挨打不还手 · wall_segment Palisade Wall x1 |
| 19:11 | 挨打不还手 · wall_segment Palisade Wall x2 |
| 19:12 | 挨打不还手 · wall_segment Palisade Wall x1 |
| 19:12 | 挨打不还手 · wall_segment Palisade Wall x1 |
| 19:12 | 挨打不还手 · wall_segment Palisade Wall x2 |
| 19:12 | 挨打不还手 · wall_segment Palisade Wall x1 |
| 19:12 | 挨打不还手 · wall_segment Palisade Wall x2 |
| 19:13 | 挨打不还手 · wall_segment Palisade Wall x1 |
| 19:13 | 挨打不还手 · wall_segment Palisade Wall x2 |
| 19:13 | 挨打不还手 · wall_segment Palisade Wall x1 |
| 19:13 | 挨打不还手 · wall_segment Palisade Wall x1 |
| 19:14 | 挨打不还手 · wall_segment Palisade Wall x1 |
| 19:14 | 挨打不还手 · wall_segment Palisade Wall x1 |
| 19:30 | Young Carter · first_market_buy 500 food |
| 20:03 | Young Carter · first_market_sell 500 wood |
| 22:40 | 挨打不还手 · first_market_buy 100 food |
| 23:30 | Young Carter · age_up castle |
| 24:03 | 挨打不还手 · first_market_sell 100 wood |
| 25:35 | 挨打不还手 · wall_segment Palisade Wall x1 |
| 25:36 | 挨打不还手 · wall_segment Palisade Wall x4 |
| 27:15 | 挨打不还手 · age_up castle |
| 27:46 | 挨打不还手 · wall_segment Palisade Wall x1 |
| 27:46 | 挨打不还手 · wall_segment Palisade Wall x1 |
| 27:46 | 挨打不还手 · wall_segment Palisade Wall x1 |
| 27:46 | 挨打不还手 · wall_segment Palisade Wall x1 |
| 27:47 | 挨打不还手 · wall_segment Palisade Wall x1 |
| 27:47 | 挨打不还手 · wall_segment Palisade Wall x2 |
| 27:47 | 挨打不还手 · wall_segment Palisade Wall x2 |
| 27:47 | 挨打不还手 · wall_segment Palisade Wall x1 |
| 27:48 | 挨打不还手 · wall_segment Palisade Wall x1 |
| 27:48 | 挨打不还手 · wall_segment Palisade Wall x1 |
| 27:48 | 挨打不还手 · wall_segment Palisade Wall x1 |
| 27:49 | Young Carter · first_building Stable |
| 28:27 | 挨打不还手 · wall_segment Palisade Wall x1 |
| 28:27 | 挨打不还手 · wall_segment Palisade Wall x1 |
| 28:27 | 挨打不还手 · wall_segment Palisade Wall x2 |
| 28:28 | 挨打不还手 · wall_segment Palisade Wall x1 |
| 28:28 | 挨打不还手 · wall_segment Palisade Wall x1 |
| 28:28 | 挨打不还手 · wall_segment Palisade Wall x2 |
| 28:28 | 挨打不还手 · wall_segment Palisade Wall x1 |
| 28:28 | 挨打不还手 · wall_segment Palisade Wall x2 |
| 28:29 | 挨打不还手 · wall_segment Palisade Wall x1 |
| 28:29 | 挨打不还手 · wall_segment Palisade Wall x1 |
| 28:49 | 挨打不还手 · first_building Siege Workshop |
| 32:03 | 挨打不还手 · first_building Castle |
| 32:26 | Young Carter · resign |
[ AI ANALYSIS · 1 CREDIT ]
What really happened in this match?
Wolo.gg analyzes every decision: build order, eco, micro, common mistakes by bracket. Personalized analysis on WhatsApp or Discord in 30 seconds.
Civ guide
Goths
Perfil
Jugador #4925982